 Dungeon Crawl Stone Soup version 0.21-a0-137-g951aa02 (webtiles) character file.

1852 Charly the Grappler (level 8, -1/58 HPs)
             Began as a Centaur Skald on July 19, 2017.
             Was a Follower of Wu Jian.
             Slain by a slime creature (7 damage)
             ... on level 10 of the Dungeon.
             The game lasted 00:30:08 (2312 turns).

Charly the Grappler (Centaur Skald)                 Turns: 2312, Time: 00:30:08

Health: -1/58      AC:  6    Str: 18    XL:     8   Next: 88%
Magic:  5/10       EV: 10    Int: 13    God:    Wu Jian [*.....]
Gold:   86         SH:  0    Dex:  9    Spells: 1/10 levels left

rFire    . . .     SeeInvis .     - Unarmed
rCold    . . .     Gourm    +   (no shield)
rNeg     . . .     Faith    .   (no armour)
rPois    .         Spirit   .   (no helmet)
rElec    .         Reflect  .   (no cloak)
rCorr    .         Harm     .   f - +1 pair of gloves {Str+3}
MR       +....                  (no barding)
Stlth    +.........             o - amulet of the gourmand
HPRegen  0.19/turn              (no ring)
MPRegen  0.12/turn              (no ring)

@: very slightly contaminated, very quick
A: hooves 3, rugged brown scales 1, deformed body, speed 2, frail 2, magic
resistance 1, tough skin 3, evolution 1
a: Renounce Religion


You were on level 10 of the Dungeon.
You worshipped Wu Jian.
Wu Jian was aware of your devotion.
You were hungry.

You visited 2 branches of the dungeon, and saw 11 of its levels.
You also visited: Bailey.

You collected 86 gold pieces.

Inventory:

Hand Weapons
 a - a +1 shortbow of flaming
 p - a +5 hunting sling
Missiles
 j - 35 stones (quivered)
 u - 15 arrows
Armour
 f - a +1 pair of gloves of strength (worn)
Jewellery
 o - an amulet of the gourmand (around neck)
 t - an uncursed ring of teleportation
Wands
 b - a wand of acid (3/15)
 d - a wand of paralysis (0/24)
Scrolls
 e - a scroll of teleportation
 g - a scroll of remove curse
 l - a scroll of immolation
 m - a scroll of recharging
Potions
 k - a potion of brilliance
 r - 2 potions of agility
 s - a potion of flight {unknown}
Comestibles
 c - 2 bread rations
 n - a meat ration


   Skills:
 + Level 5.9 Fighting
 - Level 0.6 Armour
 - Level 2.3 Dodging
 + Level 8.7 Unarmed Combat
 - Level 1.5 Spellcasting
 - Level 4.0 Charms
 - Level 2.7 Necromancy


You had one spell level left.
You knew the following spells:

 Your Spells              Type           Power        Failure   Level  Hunger
b - Blink                 Tloc           N/A          38%         2    ###....
g - Shroud of Golubria    Chrm/Tloc      #.........   17%         2    ###....
r - Regeneration          Chrm/Necr      #.........   21%         3    ####...
s - Song of Slaying       Chrm           ##......     8%          2    ###....


Dungeon Overview and Level Annotations

Branches:
Dungeon (10/15)            Temple (1/1) D:4            Lair (0/6) D:8
    Orc: D:9-12

Altars:
Cheibriados
Dithmenos
Elyvilon
Gozag
Kikubaaqudgha
Makhleb
Nemelex Xobeh
Okawaru
Qazlal
Ru
Sif Muna
Trog
Uskayaw
Vehumet
Wu Jian
Xom
Yredelemnul
Zin
The Shining One

Shops:
D:8 (

Annotations:
D:8 Erica


Innate Abilities, Weirdness & Mutations

You have hooves in place of feet.
Armour fits poorly on your strangely shaped body.
You cover ground very quickly.
You have extremely tough skin. (AC +3)
You are partially covered in rugged brown scales. (AC +1, +3% HP)
You are very frail. (-20% HP)
You are resistant to hostile enchantments. (MR+)
You evolve.


Message History

You barely miss the centaur warrior zombie.
An orc comes into view. It is wielding a mace.
The orc shouts!
Your kick misses the centaur warrior zombie.
The centaur warrior zombie closely misses you.
Found a blackened opal ring.
An iguana comes into view.
The iguana hisses angrily.
The slime creature quivers.
Two slime creatures merge to form a large slime creature.
Found a glowing buckler.
Found a mace.
The slime creature quivers.
The slime creature quivers. x2
The slime creature closely misses you.
You hit the slime creature but do no damage.
You kick the slime creature.
The slime creature is lightly wounded.
The slime creature barely misses you. The slime creature hits you!
You die...

..).. ..[. ...
..##### ..... ###
#..# ....# ####..##
#.....#.Z....# #
#..@####.## .#
##JJJ.J#..###..#
?.......#>.......#
..%.....#####o##....
....=....#
###.####..###
##.#######
#...W..#..... #.
#.....$##..#. #
#.o...>..#...
####......#.####


You could see 4 slime creatures, an orc and a centaur warrior zombie.

Vanquished Creatures
  A komodo dragon (D:8)
  Menkaure (D:5)
  An orc warrior (D:9)
  A sky beast (D:10)
  2 ogres
  3 centaurs
  A big kobold (D:8)
  A wyvern zombie (D:6)
  A scorpion (D:8)
  3 wights (D:6)
  A howler monkey (D:5)
  2 bullfrog zombies (D:9)
  A crimson imp (D:10)
  A hound (D:8)
  2 jellies (D:10)
  An orc wizard (D:9)
  4 orc priests
  3 worker ants
  A worker ant zombie (D:6)
  4 adders
  A shadow imp (D:8)
  An ooze (D:2)
  An adder skeleton (D:6)
  2 dart slugs
  2 leopard geckos
  20 orcs
  2 bats (D:2)
  3 giant cockroaches
  12 goblins
  3 hobgoblins
  2 jackals (D:3)
  9 kobolds
  2 frilled lizards
  A leopard gecko skeleton (D:6)
  A leopard gecko zombie (D:5)
  6 rats
103 creatures vanquished.

Vanquished Creatures (others)
  A plant (D:8)
1 creature vanquished.

Grand Total: 104 creatures vanquished

Notes
Turn   | Place    | Note
-------+----------+-------------------------------------------
     0 | D:1      | Charly the Centaur Skald began the quest for the Orb.
     0 | D:1      | Reached XP level 1. HP: 17/17 MP: 3/3
    83 | D:1      | Reached XP level 2. HP: 11/24 MP: 2/4
   146 | D:2      | Reached skill level 3 in Unarmed Combat
   224 | D:2      | Reached XP level 3. HP: 15/29 MP: 0/5
   259 | D:2      | Learned a level 3 spell: Regeneration
   370 | D:2      | Reached skill level 1 in Necromancy
   376 | D:2      | Found a bloodstained altar of Trog.
   587 | D:3      | Found an iron altar of Okawaru.
   650 | D:3      | Found a shimmering altar of Xom.
   666 | D:3      | parar
   762 | D:4      | Reached XP level 4. HP: 28/36 MP: 3/6
   768 | D:4      | Learned a level 2 spell: Shroud of Golubria
   776 | D:5      | Entered Level 5 of the Dungeon
   812 | D:5      | Noticed an ogre
   847 | D:5      | Killed an ogre
   847 | D:5      | Reached XP level 5. HP: 41/41 MP: 7/7
   897 | D:5      | Found a radiant altar of Vehumet.
   901 | D:5      | Noticed Menkaure
   958 | D:5      | Killed Menkaure
   958 | D:5      | Reached skill level 4 in Unarmed Combat
   958 | D:5      | Reached XP level 6. HP: 48/48 MP: 8/8
   974 | D:5      | Found a glowing golden altar of the Shining One.
   976 | D:5      | Found a shadowy altar of Dithmenos.
   976 | D:5      | Found a basalt altar of Yredelemnul.
   976 | D:5      | Found an opulent altar of Gozag.
   976 | D:5      | Found a sacrificial altar of Ru.
   980 | D:5      | Found an ancient bone altar of Kikubaaqudgha.
  1027 | D:5      | Reached skill level 5 in Unarmed Combat
  1067 | D:4      | Found a staircase to the Ecumenical Temple.
  1084 | Temple   | Entered the Ecumenical Temple
  1117 | Temple   | Became a worshipper of the Wu Jian Council
  1294 | D:6      | Reached XP level 7. HP: 31/57 MP: 9/9
  1359 | D:6      | Learned a level 2 spell: Song of Slaying
  1463 | D:8      | Reached skill level 6 in Unarmed Combat
  1503 | D:8      | Found a staircase to the Lair.
  1503 | D:8      | Noticed a komodo dragon
  1537 | D:8      | Reached skill level 7 in Unarmed Combat
  1558 | D:8      | Found Acliygh's Weapon Shoppe.
  1637 | D:8      | Killed a komodo dragon
  1637 | D:8      | Reached XP level 8. HP: 65/66 MP: 10/10
  1664 | D:8      | Found a flagged portal.
  1677 | Bailey   | Entered a bailey
  1685 | D:8      | Reached * piety under Wu Jian
  1692 | D:8      | Noticed Erica
  1735 | D:10     | Entered Level 10 of the Dungeon
  1735 | D:10     | Noticed a slime creature
  1735 | D:10     | Noticed a slime creature
  1735 | D:10     | Noticed a slime creature
  1735 | D:10     | Noticed a slime creature
  1735 | D:10     | Noticed a slime creature
  1735 | D:10     | Noticed a slime creature
  1876 | D:9      | Noticed a hippogriff
  2110 | D:9      | Learned a level 2 spell: Blink
  2146 | D:9      | Reached skill level 8 in Unarmed Combat
  2164 | D:9      | Reached skill level 5 in Fighting
  2262 | D:10     | Gained mutation: Scrolls take you a little longer to read. [mutagenic meat]
  2266 | D:10     | Gained mutation: You expend magic power (3 MP) to strengthen your wands. [mutagenic meat]
  2267 | D:10     | Gained mutation: You evolve. [mutagenic meat]
  2268 | D:10     | Lost mutation: Scrolls take you a little longer to read. [potion of mutation]
  2268 | D:10     | Lost mutation: You expend magic power (3 MP) to strengthen your wands. [potion of mutation]
  2268 | D:10     | Gained mutation: You are frail. (-10% HP) [potion of mutation]
  2268 | D:10     | Gained mutation: You are partially covered in rugged brown scales. (AC +1, +3% HP) [potion of mutation]
  2269 | D:10     | Lost mutation: You are frail. (-10% HP) [potion of mutation]
  2269 | D:10     | Gained mutation: You are frail. (-10% HP) [potion of mutation]
  2269 | D:10     | Gained mutation: You are very frail. (-20% HP) [potion of mutation]
  2269 | D:10     | Gained mutation: You are resistant to hostile enchantments. (MR+) [potion of mutation]
  2312 | D:10     | Slain by a slime creature

Vault maps used:
D:1:      dpeg_arrival_simpleton_c, grunt_decor_resistance, minmay_distorted
D:2:      lemuel_coloured_pillars_altar
D:3:      nicolae_overflow_hidden_temple, xom_butterflies, first_bread,
          minmay_fountain_box
D:4:      minmay_temple_entry_nine_rooms, minmay_misc_feat_square,
          small_statue_intersection
D:5:      minitemple, kennysheep_small_circle, uniq_menkaure
D:6:      lemuel_round_altar, gammafunk_temple_overflow_statue, serial_shops,
          nicolae_shop_competitors_out_of_business
D:8:      david_lair_shrubbed, enter_bailey_3, serial_shops, shop, uniq_erica
Temple:   jpeg_temple_island
Bailey:   bailey_polearm_flooded_kennysheep, bailey

Skill      XL: |  1  2  3  4  5  6  7  8 |
---------------+-------------------------+-----
Unarmed Combat | 3 4 5 7 8 |  8.7
Necromancy     | 1 2 |  2.7
Charms         | 3 4 |  4.0
Fighting       | 3 5 |  5.9
Dodging        | 2 |  2.3
Armour         | |  0.6
Spellcasting   | |  1.5

Action                   |  1- 3 |  4- 6 |  7- 9 || total
-------------------------+-------+-------+-------++-------
Melee: Unarmed           |   117 |    58 |   189 ||   364
       Kick              |    11 |    15 |    31 ||    57
       Punch             |     1 |       |     5 ||     6
 Fire: Hunting sling     |    10 |    15 |    10 ||    35
       Shortbow          |       |       |     6 ||     6
 Cast: Infusion          |     6 |       |       ||     6
       Regeneration      |     4 |     2 |    15 ||    21
       Song of Slaying   |       |       |     1 ||     1
Evoke: Wand              |     2 |     8 |    19 ||    29
  Use: Potion            |     1 |       |     7 ||     8
       Scroll            |     3 |     9 |     5 ||    17
 Stab: Paralysed         |     2 |    17 |    11 ||    30
       Invisible         |       |       |     4 ||     4
  Eat: Royal jelly       |     1 |     2 |       ||     3
       Chunk             |       |       |     5 ||     5
Armor: Leather armour    |    18 |       |       ||    18
       Skin              |    21 |    15 |    37 ||    73
Dodge: Dodged            |    45 |    20 |   111 ||   176
